 Dungeon Crawl Stone Soup version 0.26.0-15-gc6cd9f7 (webtiles) character file.

Game seed: 13378852710922342164

49 garbled the Sneak (level 3, -3/20 HPs)
             Began as a Vampire Earth Elementalist on Jan 22, 2021.
             Slain by a hobgoblin
             ... wielding a +0 dagger
              (6 damage)
             ... on level 2 of the Dungeon.
             The game lasted 00:04:31 (1683 turns).

garbled the Sneak (Vampire Earth Elementalist)      Turns: 1683, Time: 00:04:33

Health: -3/20      AC:  2    Str:  7    XL:     3   Next: 51%
Magic:  5/6        EV: 13    Int: 18    God:
Gold:   45         SH:  0    Dex: 14    Spells: 3/6 levels left

rFire    . . .     SeeInvis +   k - +0 dagger
rCold    + + .     Faith    .   (no shield)
rNeg     + + +     Spirit   .   c - +0 robe
rPois    ∞         Reflect  .   (no helmet)
rElec    .         Harm     .   (no cloak)
rCorr    .         Rampage  .   (no gloves)
Will     .....                  (no boots)
Stlth    ++++......             (no amulet)
HPRegen  0.00/turn              (no ring)
MPRegen  0.10/turn              (no ring)

@: bloodless
A: fangs 3, see invisible, unbreathing
a: Bat Form, Revivify


You were on level 2 of the Dungeon.
You visited 1 branch of the dungeon, and saw 2 of its levels.

You collected 45 gold pieces.

Inventory:

Hand Weapons
 k - a +0 dagger (weapon)
Missiles
 b - 13 stones
 i - 12 poisoned darts (quivered)
Armour
 c - a +0 robe (worn)
Scrolls
 a - a scroll of random uselessness {unknown}
 d - 2 scrolls of enchant weapon {unknown}
 f - 2 scrolls of identify {unknown}
 g - a scroll of amnesia {unknown}
 h - a scroll of blinking {unknown}
 j - a scroll of enchant armour {unknown}
 l - a scroll of immolation {unknown}
Potions
 e - a potion of berserk rage {unknown}
 m - a potion of brilliance {unknown}
 n - a potion of attraction {unknown}


   Skills:
 + Level 1.0 Fighting
 + Level 0.5 Short Blades
 + Level 2.6 Dodging
 + Level 3.6 Stealth
 + Level 2.2 Spellcasting
 - Level 1.1 Transmutations
 * Level 3.5 Earth Magic


You had 3 spell levels left.
You knew the following spells:

 Your Spells              Type           Power        Failure   Level
a - Sandblast             Erth           28%          4%          1
b - Passwall              Tmut/Erth      8%           11%         2

Your spell library contained the following spells:

 Spells                   Type           Power        Failure   Level
 Stone Arrow              Conj/Erth      16%          26%         3
 Petrify                  Tmut/Erth      10%          56%         4
 Lee's Rapid Deconstruct  Erth           7%           75%         5


Dungeon Overview and Level Annotations

Branches:
Dungeon (2/15)

Altars:
Elyvilon


Innate Abilities, Weirdness & Mutations

You do not regenerate when monsters are visible.
You are frail without blood (-20% HP).
You can heal yourself when you bite living creatures.
You are immune to poison.
You have razor-sharp teeth.
You have supernaturally acute eyesight. (SInv)
You can survive without breathing.


Message History

You hit the hobgoblin but do no damage.
You bite the hobgoblin, but do no damage.
The hobgoblin hits you with a +0 dagger.
* * * LOW HITPOINT WARNING * * *
You hit the hobgoblin.
The hobgoblin is moderately wounded.
The hobgoblin hits you with a +0 dagger.
* * * LOW HITPOINT WARNING * * *
You hit the hobgoblin but do no damage.
The hobgoblin is moderately wounded.
The hobgoblin barely misses you.
Casting: Sandblast (safe; 4% risk of failure)
Confirm with . or Enter, or press ? or * to list all spells.
Aiming: Sandblast (safe; 4% risk of failure)
Press: ? - help, Shift-Dir - straight line, f - hobgoblin
Aim: a hobgoblin, wielding a +0 dagger (moderately wounded, 21% to evade)
The blast of sand misses the hobgoblin.
b - 13 stones The hobgoblin hits you with a +0 dagger.
You die...

..####....###.#######..##....
### #..##......# ##.## .# #
## #..#####.#..# #..##..#.#
.####..# #.##.####.........
.......# #.............##..
..).##..# ####........>..#
....### ##.......###.....#
......# #........# .#.>..
..###..# ....##@##..........
..# #... ..# #g####....>...
..# #.... !.. ........ #.#
.... ..... ...# #. ##.
....... .## ........# ##
.......... .#..[.....##


You could see a hobgoblin.

Vanquished Creatures
  An adder (D:2)
  A worm (D:2)
  A dart slug (D:2)
  A leopard gecko (D:1)
  7 bats
  4 hobgoblins
  4 jackals
  A quokka (D:2)
  3 frilled lizards
  2 goblins (D:1)
  3 kobolds (D:1)
  4 rats (D:1)
32 creatures vanquished.

Notes
Turn   | Place    | Note
-------+----------+-------------------------------------------
     0 | D:1      | garbled the Vampire Earth Elementalist began the quest for
                  | the Orb.
     0 | D:1      | Reached XP level 1. HP: 13/13 MP: 3/3
   283 | D:1      | Reached XP level 2. HP: 19/19 MP: 1/5
   975 | D:1      | Learned a level 2 spell: Passwall
  1276 | D:2      | Reached XP level 3. HP: 21/25 MP: 3/6
  1310 | D:2      | Found a white marble altar of Elyvilon.
  1541 | D:2      | Reached skill level 1 in Fighting
  1683 | D:2      | Slain by a hobgoblin

Illustrated notes

Levels and vault maps discovered:
D:1:      minmay_arrival_pointy, layout_basic
D:2:      layout_rooms, marbit_many_paths, uniq_crazy_yiuf_cottage

Skill      XL: |  1  2  3 |
---------------+----------+-----
Fighting       | 1 |  1.0
Short Blades   | |  0.5
Dodging        | |  2.6
Stealth        | |  3.6
Spellcasting   | |  2.2
Transmutations | |  1.1
Earth Magic    | |  3.5

Action                   || total
-------------------------++-------
Melee: Unarmed           ||    20
       Dagger            ||    42
       Bite              ||     3
 Cast: Sandblast         ||    33
 Abil: Exsanguinate      ||     1
 Stab: Sleeping          ||     3
Armor: Robe              ||     9
Dodge: Dodged            ||    50
